 Dungeon Sprint DCSS version 0.31-a0-1-g4198be8af4 (webtiles) character file.

Game seed: 2694310415744973715

114 sircluck the Cleaver (level 4, 0/48 HPs)
             Began as a Hill Orc Berserker on May 2, 2023.
             Was a Priest of Trog.
             Slain by a hound (3 damage)
             ... in the Dungeon (Sprint IX: "|||||||||||||||||||||||||||||").
             The game lasted 00:00:19 (126 turns).

sircluck the Cleaver (Hill Orc Berserker)            Turns: 126, Time: 00:00:19

Health: 0/48       AC:  2    Str: 21    XL:     4   Next: 97%
Magic:  4/4        EV: 12    Int:  7    God:    Trog [***...]
Gold:   0          SH:  0    Dex: 10    Spells: 3/3 levels left

rFire   . . .        a - +0 hand axe
rCold   . . .        (no shield)
rNeg    . . .        b - +0 animal skin
rPois   .            (no helmet)
rElec   .            (no cloak)
rCorr   .            (no gloves)
SInv    .            (no boots)
Will    .....        (no amulet)
Stlth   +            (no ring)
HPRegen 0.28/turn    (no ring)
MPRegen 0.09/turn

%: no teleportation
@: lethally poisoned (0 -> -1), on berserk cooldown, slowed, very slow
A: no striking features
a: Renounce Religion, Berserk, Trog's Hand


You were in the Dungeon.
You worshipped Trog.
Trog was most pleased with you.
You visited 1 branch

Inventory:

Hand Weapons
 a - a +0 hand axe (weapon)
Armour
 b - a +0 animal skin (worn)
Scrolls
 h - a scroll of blinking
Potions
 c - a potion of curing
 d - a potion of heal wounds
 e - a potion of haste
 f - 2 potions of magic
 g - a potion of berserk rage


   Skills:
 + Level 7.7 Fighting
 + Level 8.6 Axes
 + Level 3.8 Armour
 + Level 3.0 Dodging
 + Level 0.6 Stealth


You had 3 spell levels left.
You didn't know any spells.
Your spell library was empty.

Dungeon Overview and Level Annotations

Branches:
Dungeon (1/1)

Altars:


Message History

You are exhausted.
You feel yourself slow down.
You feel sick. The scorpion stings you!
You are more poisoned.
The scorpion poisons you!
You hit the scorpion.
You kill the scorpion!
Trog accepts your kill.
You feel very sick. The hound bites you.
Your Fighting skill increases to level 7!
Your Axes skill increases to level 8!
Your Dodging skill increases to level 3!
You have reached level 4!
You hit the hound.
The hound is lightly wounded.
You feel very sick. The hound bites you. x2
* * * LOW HITPOINT WARNING * * *
You hit the hound.
The hound is moderately wounded.
You feel very sick. The hound misses you. x2
Unknown command.
You barely miss the hound.
The hound is moderately wounded.
You feel sick. The hound barely misses you.
The hound bites you but does no damage.
You slash the hound!
The hound is severely wounded.
You feel sick. The hound completely misses you. The hound bites you.
* * * LOW HITPOINT WARNING * * *
Unknown command.
You hit the hound but do no damage.
The hound is severely wounded.
You feel sick. The hound misses you. x2
You hit the hound but do no damage.
The hound is severely wounded.
* * * LOW HITPOINT WARNING * * *
You feel sick. The hound bites you.
You die... ▓▓▓▓▓▓▓▓▓▓▓▓▓▓▓▓▓▓ ▓<...')....@hrl..+ ▓▓▓▓▓▓▓▓▓▓▓▓▓▓▓▓▓▓

You could see an iguana, a hound and a quokka.

Vanquished Creatures
  A scorpion (D)
  A howler monkey (D)
  A gnoll (D)
  A dart slug (D)
  A bat (D)
  An endoplasm (D)
  A giant cockroach (D)
7 creatures vanquished.

Notes
Turn   | Place    | Note
-------+----------+-------------------------------------------
     0 | D        | sircluck the Hill Orc Berserker began the quest for the
                  | Orb.
     0 | D        | Reached XP level 1. HP: 19/19 MP: 1/1
    15 | D        | Reached ** piety under Trog
    16 | D        | Reached skill level 5 in Axes
    24 | D        | Reached skill level 5 in Fighting
    24 | D        | Reached XP level 2. HP: 11/29 MP: 2/2
   105 | D        | Noticed a howler monkey
   105 | D        | Noticed a scorpion
   112 | D        | Killed a howler monkey
   113 | D        | Reached skill level 7 in Axes
   113 | D        | Reached XP level 3. HP: 38/38 MP: 3/3
   120 | D        | Killed a scorpion
   120 | D        | Reached *** piety under Trog
   121 | D        | Reached skill level 8 in Axes
   121 | D        | Reached XP level 4. HP: 22/48 MP: 4/4
   126 | D        | Slain by a hound

Illustrated notes

Levels and vault maps discovered:
D:        linesprint [early_d, line_temple, items_1, d_10, items_2, lair_1,
          lair_end, items_3, orc_1, orc_end, items_4, d_15, swamp_1, shoals_1,
          snake_1, spider_1, d_20, vaults_1, items_5, swamp_end, shoals_end,
          snake_end, spider_end, vaults_end, d_27, items_6, zot_1, zot_end,
          crypt_end, forest_end, elf_end, slime_end, tomb_end, abyss_end,
          pan_hell_end]

Skill      XL: |  1  2  3 |
---------------+----------+-----
Fighting       | 5 6 7 |  7.7
Axes           | 5 7 8 |  8.6
Armour         | 3 |  3.8
Dodging        | 2 3 |  3.0
Stealth        | |  0.6

Action                     |  1- 3 |  4- 6 || total
---------------------------+-------+-------++-------
  Melee: Hand axe          |    34 |     6 ||    40
         Punch             |     1 |       ||     1
 Invoke: Berserk           |     1 |       ||     1
   Stab: Distracted        |     1 |       ||     1
 Armour: Animal skin       |     4 |     1 ||     5
  Dodge: Dodged            |    18 |     6 ||    24

Table legend: (Time is in decaauts)
 A = Elapsed time spent in this place.
 B = Non-inter-level travel time spent in this place.
 C = Inter-level travel time spent in this place.
 D = Time resting spent in this place.
 E = Time spent auto-exploring this place.
 F = Levels seen in this place.
 G = Mean time per level.
                   A        B        C        D        E       F      G
               +--------+--------+--------+--------+--------+-----+--------+
         Total |    124 |    124 |      0 |     74 |      3 |   1 |  124.0 |
       Dungeon |    124 |    124 |      0 |     74 |      3 |   1 |  124.0 |
               +--------+--------+--------+--------+--------+-----+--------+

Top non-repeatable levels by time:
       D: 124 daAuts
